Map: Бюро находок РВ

Players

ИИ 1 (знаток)

  • Race: Zerg Zerg
  • Spawn Location: 7:00

Doll - Winner!

  • Race: Protoss Protoss
  • Spawn Location: 1:00

VOD

Have the link to the VOD?

Description

Time

  • Played on: Dec. 15, 2020, 5:57 a.m.
  • Length: 11:38
Show
View Real Time Build Order
Export as new Build Order

ИИ 1 (знаток) Zerg 

Build Orders: Hatch First 

Get SALT Encoding   

  12  0:00  Drone  
  13  0:12  Overlord  
  13  0:16  Drone  
  14  0:30  Drone x2  
  14  0:34  Drone  
  17  0:53  Hatchery  
  17  0:56  Drone  
  17  1:12  Spawning Pool, Drone  
  17  1:16  Drone  
  18  1:18  Extractor  
  18  1:21  Drone  
  18  1:27  Overlord  
  18  1:38  Drone  
  19  1:58  Queen  
  19  2:00  Zergling x4  
  23  2:02  Roach Warren  
  23  2:04  Drone  
  23  2:06  Extractor  
  22  2:10  Drone  
  22  2:15  Zergling x2  
  24  2:24  Lair  
  24  2:40  Drone  
  25  2:44  Zergling x2  
  26  2:53  Overlord  
  26  2:54  Zergling x2  
  27  2:58  Extractor  
  27  2:59  Drone  
  27  3:16  Extractor  
  27  3:17  Drone  
  27  3:25  Infestation Pit, Drone  
  27  3:28  Roach  
  29  3:39  Roach  
  31  3:43  Drone  
  31  3:45  Overlord  
  31  3:46  Drone  
  33  3:49  Drone  
  33  3:50  Roach  
  33  3:52  Drone  
  38  3:55  Drone  
  38  4:00  Roach  
  40  4:04  Drone x2  
  40  4:09  Overlord  
  42  4:13  Hydralisk Den  
  41  4:18  Drone  
  41  4:22  Drone  
  43  4:24  Drone  
  43  4:29  Drone  
  45  4:33  Roach  
  47  4:44  Roach  
  49  4:49  Overlord  
  49  4:55  Roach  
  51  5:06  Roach  
  53  5:09  Overlord  
  53  5:13  Drone  
  54  5:15  Drone  
  54  5:16  Hydralisk  
  54  5:19  Drone  
  58  5:21  Drone  
  58  5:24  Drone  
  58  5:26  Hydralisk  
  58  5:27  Drone  
  63  5:30  Drone  
  64  5:36  Overlord  
  64  5:39  Drone  
  65  5:43  Hydralisk, Drone  
  65  5:44  Drone  
  65  5:47  Drone  
  70  5:51  Drone  
  70  5:52  Metabolic Boost  
  71  5:57  Hydralisk  
  71  5:58  Evolution Chamber  
  71  6:01  Drone  
  73  6:08  Drone  
  74  6:12  Drone  
  74  6:16  Overlord, Drone  
  74  6:17  Drone  
  77  6:19  Drone  
  77  6:24  Drone  
  79  6:25  Zerg Melee Weapons Level 1  
  79  6:29  Drone  
  80  6:33  Burrow  
  80  6:35  Drone  
  81  6:40  Drone  
  81  6:45  Overlord  
  82  6:47  Roach, Drone  
  85  6:58  Roach  
  87  7:04  Overlord  
  87  7:09  Roach  
  87  7:14  Overseer  
  89  7:19  Overseer  
  89  7:20  Roach  
  89  7:21  Baneling Nest  
  90  7:24  Overlord  
  90  7:25  Spore Crawler  
  90  7:28  Spore Crawler, Drone  
  90  7:29  Drone  
  90  7:30  Roach  
  90  7:32  Spore Crawler  
  90  7:33  Drone  
  92  7:37  Spore Crawler, Drone  
  92  7:41  Queen, Roach  
  92  7:44  Overlord  
  96  7:48  Queen  
  98  7:51  Hydralisk  
  98  7:55  Spine Crawler  
  98  7:56  Drone  
  98  7:58  Spine Crawler, Drone  
  100  8:02  Hydralisk  
  100  8:04  Spine Crawler, Drone  
  100  8:05  Overlord  
  102  8:10  Spine Crawler, Drone  
  102  8:12  Hydralisk  
  102  8:18  Spire  
  103  8:20  Evolution Chamber, Zerg Missile Weapons Level 1, Drone  
  103  8:21  Drone  
  103  8:23  Hydralisk, Roach x3  
  106  8:35  Roach  
  99  8:45  Roach  
  99  8:46  Zerg Ground Armor Level 1  
  59  8:56  Zergling x2  
  58  9:07  Roach  
  54  9:13  Zergling x2  
  54  9:15  Zergling x2  
  54  9:18  Zergling x2  
  54  9:19  Zergling x2  
  55  9:25  Hatchery  
  55  9:30  Roach  
  51  9:39  Zergling x2  
  49  9:45  Hydralisk  
  49  9:46  Pneumatized Carapace  
  49  9:49  Queen  
  52  9:53  Roach  
  52  9:59  Roach  
  50  10:00  Hatchery  
  50  10:06  Roach  
  49  10:12  Roach  
  49  10:13  Drone  
  49  10:18  Zergling x2  
  49  10:20  Zergling x2  
  49  10:23  Hydralisk, Zergling x4  
  49  10:28  Hydralisk  
  19  10:39  Drone  
  11  10:47  Hydralisk  
  11  10:49  Drone  
  12  10:51  Drone  
  12  10:59  Drone  
  6  11:14  Drone  
  6  11:15  Drone  
  6  11:17  Drone  
  8  11:25  Drone  
  8  11:34  Hatchery  
Show
View Real Time Build Order
Export as new Build Order

Doll Protoss - Winner!

Build Orders: 1 Gate Expand, Colossus Rush 

Get SALT Encoding   

  12  0:00  Probe  
  13  0:12  Probe  
  14  0:19  Pylon  
  14  0:24  Probe  
  15  0:39  Probe (Chrono Boost), Gateway  
  17  0:50  Probe (Chrono Boost)  
  17  0:54  Probe (Chrono Boost)  
  18  0:58  Assimilator  
  18  1:03  Pylon  
  18  1:06  Probe (Chrono Boost)  
  19  1:17  Probe (Chrono Boost)  
  20  1:31  Nexus  
  20  1:39  Zealot  
  22  1:42  Probe  
  23  1:54  Probe  
  23  1:56  Cybernetics Core  
  24  2:02  Assimilator  
  24  2:06  Zealot  
  26  2:09  Probe  
  27  2:21  Probe, Pylon  
  28  2:32  Warp Gate  
  28  2:34  Zealot  
  28  2:36  Probe  
  31  2:45  Robotics Facility  
  31  2:48  Probe  
  31  2:49  Probe  
  33  2:59  Gateway  
  33  3:04  Stalker  
  35  3:07  Probe  
  35  3:10  Probe  
  38  3:20  Probe  
  38  3:23  Probe, Pylon  
  39  3:33  Probe  
  40  3:35  Stalker  
  40  3:37  Robotics Bay  
  40  3:39  Probe  
  40  3:41  Observer  
  44  3:46  Probe  
  44  3:48  Stalker  
  47  3:51  Probe  
  48  3:59  Probe  
  48  4:01  Twilight Council  
  49  4:06  Stalker  
  49  4:07  Probe  
  52  4:11  Probe  
  52  4:14  Pylon  
  53  4:19  Assimilator  
  53  4:20  Probe  
  53  4:21  Assimilator  
  54  4:25  Probe  
  54  4:27  Zealot  
  57  4:35  Colossus  
  57  4:38  Probe  
  64  4:39  Probe  
  64  4:45  Zealot  
  67  4:50  Probe  
  67  4:52  Probe  
  69  4:53  Gateway  
  69  4:57  Pylon  
  69  5:01  Pylon  
  69  5:09  Templar Archives  
  69  5:13  Probe  
  70  5:18  Probe  
  70  5:21  Stalker  
  73  5:22  Zealot  
  73  5:25  Probe  
  76  5:29  Colossus  
  76  5:31  Probe  
  83  5:36  Pylon  
  83  5:44  Probe x2  
  85  5:50  Nexus  
  85  5:56  High Templar  
  87  5:57  Psionic Storm  
  87  5:59  Zealot  
  87  6:00  Probe x2  
  91  6:04  Zealot  
  91  6:09  Pylon  
  93  6:15  Pylon  
  93  6:22  Robotics Facility  
  93  6:23  Gateway  
  93  6:28  Colossus  
  93  6:30  Probe  
  93  6:32  Probe  
  101  6:36  High Templar  
  103  6:42  Zealot  
  103  6:43  Zealot  
  103  6:46  Probe x2, Pylon  
  109  6:52  Pylon  
  109  6:55  Extended Thermal Lance  
  109  7:04  High Templar, Gateway  
  109  7:06  Probe x2  
  109  7:07  Probe  
  114  7:10  Zealot  
  114  7:12  Pylon  
  114  7:14  Sentry  
  118  7:21  Probe x3  
  121  7:23  Zealot  
  123  7:31  Forge  
  123  7:34  Charge  
  123  7:36  Forge, High Templar  
  125  7:37  Probe x2  
  125  7:38  Probe  
  125  7:42  Zealot x2  
  132  7:44  Zealot  
  134  7:55  Probe x3  
  100  10:53  Archon  
Tags
 
Add a new tag
Caveats
  • Supply blocks, unpowered buildings, or Contaminate may cause inaccurate times.
  • Supply counts are checked every 10 seconds.